 Dungeon Crawl Stone Soup version 0.18.1-50-g88ac8fd (webtiles) character file.

6381 Iflex the Spear-Bearer (level 10, 0/79 HPs)
             Began as a Merfolk Gladiator on Oct 6, 2016.
             Was a High Priest of Okawaru.
             Succumbed to a wasp's poison
             ... on level 13 of the Dungeon.
             The game lasted 00:35:58 (9413 turns).

Iflex the Spear-Bearer (Merfolk Gladiator)          Turns: 9413, Time: 00:35:59

Health: 0/79       AC:  5    Str: 21    XL:     10   Next: 97%
Magic:  11/11      EV: 27    Int:  8    God:    Okawaru [*****.]
Gold:   606        SH:  0    Dex: 22    Spells: 1 memorised, 7 levels left

rFire  + . .     SeeInvis +     C - +7 trident (vamp)
rCold  + . .     Gourm    .     b - +0 leather armour
rNeg   . . .     Faith    .     (no shield)
rPois  +         Spirit   .     c - +0 helmet
rElec  +         Dismiss  .     (no cloak)
rCorr  +         Reflect  .     s - +0 pair of gloves
SustAt .         Harm     +     (no boots)
MR     .....                    m - amulet of harm
Stlth  +++++.....               g - +5 ring of strength
                                t - ring of see invisible

@: agile, lethally poisoned (0 -> -4), resistant, not resistant to hostile
enchantments, quite stealthy
A: change form in water, swift swim
a: Heroism, Finesse, Renounce Religion


You were on level 13 of the Dungeon.
You worshipped Okawaru.
Okawaru was extremely pleased with you.
You were not hungry.

You visited 2 branches of the dungeon, and saw 12 of its levels.

You collected 606 gold pieces.

Inventory:

Hand Weapons
 C - a +7 vampiric trident (weapon)
Missiles
 A - 8 javelins of returning (quivered)
 J - 7 tomahawks
 O - 2 poisoned tomahawks
Armour
 b - a +0 leather armour (worn)
 c - a +0 helmet (worn)
 s - a +0 pair of gloves (worn)
Jewellery
 a - an uncursed ring of flight
 g - a +5 ring of strength (right hand)
 m - an amulet of harm (around neck)
 n - an uncursed ring of stealth
 o - an uncursed ring of sustain attributes
 t - a ring of see invisible (left hand)
 F - an uncursed ring of fire
 W - an uncursed ring of sustain attributes
Wands
 u - a wand of flame (15/48)
 E - a wand of paralysis (2/24)
 I - a wand of disintegration (12/24)
 K - a wand of acid (0/15)
 L - a wand of polymorph (7/24)
 M - a wand of slowing (17/48)
 N - a wand of iceblast (4/15)
 Q - a wand of polymorph (15/24)
 V - a wand of slowing (38/48)
Scrolls
 e - 3 scrolls of teleportation {unknown}
 i - 3 scrolls of magic mapping
 k - 4 scrolls of remove curse
 q - a scroll of torment {unknown}
 r - 2 scrolls of enchant armour {unknown}
 y - a scroll of immolation {unknown}
 B - 2 scrolls of amnesia
 G - a scroll of recharging {unknown}
 R - a scroll of brand weapon {unknown}
 T - a scroll of vulnerability {unknown}
 Y - a scroll of identify
Potions
 h - 3 potions of haste {unknown}
 l - 2 potions of might
 p - a potion of ambrosia {unknown}
 x - a potion of magic {unknown}
 H - 3 potions of brilliance
Books
 P - a book of Burglary

   Spells                             Type                      Level
   a - Swiftness                      Charms/Air                   2
   b - Passwall                       Transmutation/Earth          2
   c - Passage of Golubria            Translocation                4
   d - Lee's Rapid Deconstruction     Earth                        5
   e - Darkness                       Hexes                        6
   f - Invisibility                   Hexes                        6
 U - the Papyrus of the Toxic Mountains
   (You found it on level 8 of the Dungeon)

   Spells                             Type                      Level
   a - Sting                          Conjuration/Poison           1
   b - Sandblast                      Earth                        1
   c - Olgreb's Toxic Radiance        Poison                       4
   d - Venom Bolt                     Conjuration/Poison           5
   e - Shatter                        Earth                        9
Comestibles
 d - a beef jerky
 f - 13 bread rations
 w - 5 meat rations
 D - 5 fruits
 X - a royal jelly
 Z - a slice of pizza


   Skills:
 + Level 7.6 Fighting
 + Level 12.0 Polearms
 + Level 6.1 Throwing
 + Level 4.0 Armour
 + Level 10.3 Dodging
 + Level 6.4 Stealth
 + Level 0.2 Charms
 + Level 0.1 Air Magic
 + Level 0.4 Invocations
 + Level 1.9 Evocations


You had 7 spell levels left.
You knew the following spells:

 Your Spells              Type           Power        Failure   Level  Hunger
a - Swiftness             Chrm/Air       #.......     77%         2    ###....


Dungeon Overview and Level Annotations

Branches:
Dungeon (10/15)            Temple (1/1) D:4
   Lair: D:8-11         Orc: D:9-12

Altars:
Ashenzari
Cheibriados
Dithmenos
Gozag
Kikubaaqudgha
Makhleb
Nemelex Xobeh
Okawaru
Pakellas
Vehumet
Yredelemnul
The Shining One

Shops:
D:5 %


Message History

The wasp stings you but does no damage. The wasp stings you!
* * * LOW HITPOINT WARNING * * *
You are more poisoned.
You feel sick.
You miss the wasp. The wasp completely misses you.
You feel sick. The wasp closely misses you.
You miss the wasp. The wasp stings you.
* * * LOW HITPOINT WARNING * * *
You feel yourself slow down.
You feel sick. The wasp misses you.
You feel yourself speed up.
You feel sick. The wasp stings you!
* * * LOW HITPOINT WARNING * * *
You are lethally poisoned!
You feel protected.
* * * LOW HITPOINT WARNING * * *
You feel sick. The wasp completely misses you.
* * * LOW HITPOINT WARNING * * *
You feel sick.
You die...

#.# #.# #.# #.# #.#
#.# #.# #.# ###
##@# ... ####..
#..# #.# #.....
#D## #.# #.##.# #.#
#.# #.##.# #y# #.#
#.#... #.#
#.#######.....
#.####.............
#..%.D.............
###########........


You could see an eight-headed hydra and a wasp.

Vanquished Creatures
  2 unseen horrors
  2 hill giants
  Prince Ribbit (D:6)
  A two-headed ogre (D:9)
  A shadow (D:13)
  A spriggan (D:9)
  A human (D:2)
  2 hippogriffs
  A hungry ghost (D:8)
  A water moccasin (D:13)
  3 orc warriors
  An ice beast (D:7)
  A black bear (D:9)
  4 ogres
  A phantom (D:6)
  A necrophage (D:13)
  2 centaurs
  3 giant frogs
  8 killer bees
  3 howler monkeys
  2 jellies (D:9)
  5 crimson imps
  A centaur zombie (D:7)
  2 orc priests
  A giant frog zombie (D:7)
  2 gnoll shamans
  3 hounds
  11 orc wizards
  2 giant frog skeletons
  Ijyb (D:3)
  2 iguanas
  2 worker ants
  A howler monkey zombie (D:5)
  7 gnolls
  12 adders
  A howler monkey skeleton (D:8)
  2 shadow imps
  An ooze (D:4)
  4 adder skeletons
  3 worms
  3 dart slugs
  6 giant geckos
  31 orcs
  2 ball pythons
  10 bats
  3 giant cockroaches
  5 hobgoblins
  16 jackals
  11 kobolds
  7 quokkas
  3 giant newts
  6 goblins
  A jackal zombie (D:5)
  A kobold zombie (D:2)
  8 rats
  A plant (D:6)
219 creatures vanquished.

Vanquished Creatures (others)
  3 gnolls (D:2)
  An adder (D:3)
4 creatures vanquished.

Grand Total: 223 creatures vanquished

Notes
Turn   | Place    | Note
--------------------------------------------------------------
     0 | D:1      | Iflex the Merfolk Gladiator began the quest for the Orb.
     0 | D:1      | Reached XP level 1. HP: 16/16 MP: 1/1
    64 | D:1      | Reached XP level 2. HP: 22/22 MP: 2/2
   652 | D:1      | Reached XP level 3. HP: 28/28 MP: 3/3
   960 | D:1      | Reached skill level 5 in Dodging
  1284 | D:2      | Reached skill level 5 in Polearms
  1285 | D:2      | Found a runed door.
  1285 | D:2      | Noticed a human
  1288 | D:2      | Found a basalt altar of Yredelemnul.
  1347 | D:2      | Killed a human
  1347 | D:2      | Reached XP level 4. HP: 16/34 MP: 4/4
  1347 | D:2      | Reached XP level 5. HP: 18/40 MP: 5/5
  1925 | D:2      | Reached skill level 1 in Armour
  2287 | D:3      | Reached skill level 1 in Stealth
  2349 | D:3      | Reached skill level 6 in Polearms
  2611 | D:3      | Found a sparkling altar of Nemelex Xobeh.
  2615 | D:3      | Noticed Ijyb
  2677 | D:3      | Killed Ijyb
  2690 | D:3      | Reached XP level 6. HP: 32/46 MP: 6/6
  2752 | D:3      | Found a snail-covered altar of Cheibriados.
  3154 | D:4      | Found a burning altar of Makhleb.
  3542 | D:4      | Found a staircase to the Ecumenical Temple.
  3547 | Temple   | Entered the Ecumenical Temple
  3562 | Temple   | Became a worshipper of Warmaster Okawaru
  3700 | D:5      | Entered Level 5 of the Dungeon
  3737 | D:5      | Reached XP level 7. HP: 52/52 MP: 7/7
  3795 | D:5      | Reached skill level 7 in Polearms
  4291 | D:5      | Found Zidat's Food Boutique.
  4452 | D:5      | Reached * piety under Okawaru
  4741 | D:6      | Reached XP level 8. HP: 54/61 MP: 8/8
  4950 | D:6      | Found an ancient bone altar of Kikubaaqudgha.
  4989 | D:6      | Reached skill level 8 in Polearms
  5031 | D:6      | Noticed Prince Ribbit
  5040 | D:6      | Killed Prince Ribbit
  5040 | D:6      | Reached ** piety under Okawaru
  5133 | D:6      | Found a glowing golden altar of the Shining One.
  5552 | D:7      | Reached skill level 5 in Fighting
  5666 | D:7      | Learned a level 2 spell: Swiftness
  5720 | D:7      | Reached XP level 9. HP: 5/68 MP: 9/9
  6202 | D:7      | Reached skill level 5 in Stealth
  6771 | D:8      | Reached skill level 9 in Polearms
  6953 | D:8      | Reached *** piety under Okawaru
  6997 | D:8      | Identified the Papyrus of the Toxic Mountains
  7024 | D:8      | Reached skill level 1 in Evocations
  7132 | D:8      | Found a basalt altar of Yredelemnul.
  7216 | D:8      | HP: 3/69 [killer bee (9)]
  7948 | D:9      | Noticed a hill giant
  7958 | D:9      | Killed a hill giant
  7958 | D:9      | Reached skill level 10 in Polearms
  7958 | D:9      | Reached XP level 10. HP: 77/77 MP: 8/11
  8249 | D:9      | Received a gift from Okawaru
  8661 | D:9      | Reached skill level 11 in Polearms
  8791 | D:9      | Found a shadowy altar of Dithmenos.
  8837 | D:10     | Entered Level 10 of the Dungeon
  8857 | D:10     | Noticed an unseen horror
  8867 | D:10     | Killed an unseen horror
  8867 | D:10     | Reached **** piety under Okawaru
  8903 | D:10     | Noticed a hill giant
  8911 | D:10     | Killed a hill giant
  8911 | D:10     | Received a gift from Okawaru
  8911 | D:10     | Reached skill level 5 in Throwing
  8911 | D:10     | Reached skill level 10 in Dodging
  9168 | D:10     | You fall through a shaft for 3 floors!
  9189 | D:13     | Noticed a cyclops
  9212 | D:13     | Noticed an unseen horror
  9281 | D:13     | Killed an unseen horror
  9328 | D:13     | Reached skill level 12 in Polearms
  9372 | D:13     | Noticed an eight-headed hydra
  9376 | D:13     | Reached ***** piety under Okawaru
  9410 | D:13     | HP: 3/79 [wasp (10)]
  9412 | D:13     | HP: 1/79 [poisoned by a wasp]
  9413 | D:13     | Succumbed to a wasp's poison

Skill      XL: |  1  2  3  4  5  6  7  8  9 10 |
---------------+-------------------------------+-----
Dodging        | 5 6 8 9 10 | 10.3
Polearms       | 5 6 7 8 10 12 | 12.0
Armour         | 1 2 3 4 |  4.0
Stealth        | 1 2 3 4 5 6 |  6.4
Fighting       | 3 4 5 6 7 |  7.6
Throwing       | 3 4 6 |  6.1
Evocations     | 1 |  1.9
Charms         | |  0.2
Air Magic      | |  0.1
Invocations    | |  0.4

Action                   |  1- 3 |  4- 6 |  7- 9 | 10-12 || total
-------------------------+-------+-------+-------+-------++-------
Melee: Trident           |   123 |   211 |   341 |    94 ||   769
       Tailslap          |       |     3 |     5 |       ||     8
Throw: Throwing net      |       |     8 |     8 |       ||    16
       Tomahawk          |       |       |    40 |       ||    40
       Javelin           |       |       |       |    33 ||    33
Invok: Heroism           |       |       |     1 |       ||     1
Evoke: Wand              |       |       |    13 |       ||    13
  Use: Scroll            |       |     6 |    10 |     5 ||    21
       Potion            |       |       |     6 |     2 ||     8
 Stab: Sleeping          |     1 |     8 |     7 |     3 ||    19
       Distracted        |     1 |     1 |       |       ||     2
       Held in net/web   |       |     3 |     1 |       ||     4
       Paralysed         |       |       |     4 |       ||     4
  Eat: Bread ration      |     1 |       |     1 |       ||     2
       Chunk             |       |     4 |     1 |       ||     5
       Meat ration       |       |       |     3 |       ||     3
       Beef jerky        |       |       |     1 |       ||     1
       Pizza             |       |       |     1 |       ||     1
       Royal jelly       |       |       |       |     1 ||     1
Armor: Leather armour    |    27 |    21 |    33 |    12 ||    93
Dodge: Dodged            |   117 |   138 |   222 |    71 ||   548
